 Dungeon Crawl Stone Soup version 0.19.1 (webtiles) character file.

4974 Firecrotchwizard the Archer (level 10, -1/73 HPs)
             Began as a High Elf Hunter on Nov 27, 2016.
             Was an Elder of Okawaru.
             Killed by nerve-wracking pain
             ... invoked by an orc priest
              (6 damage)
             ... on level 9 of the Dungeon.
             The game lasted 00:34:21 (9497 turns).

Firecrotchwizard the Archer (High Elf Hunter)       Turns: 9497, Time: 00:34:22

Health: -1/73      AC: 11    Str: 16    XL:     10   Next: 28%
Magic:  11/11      EV: 10    Int: 17    God:    Okawaru [****..]
Gold:   420        SH:  0    Dex: 18    Spells: 0 memorised, 9 levels left

rFire  . . .     SeeInvis .     l - +1 short sword (speed)
rCold  . . .     Gourm    .     A - +0 chain mail
rNeg   . . .     Faith    .     (no shield)
rPois  .         Spirit   .     (no helmet)
rElec  .         Reflect  .     s - +1 cloak
rCorr  +         Harm     .     p - +0 pair of gloves
MR     +....                    (no boots)
Stlth  ..........               (no amulet)
                                y - ring of resist corrosion
                                o - +5 ring of strength

@: no status effects
A: no striking features
a: Heroism, Renounce Religion


You were on level 9 of the Dungeon.
You worshipped Okawaru.
Okawaru was greatly pleased with you.
You were not hungry.

You visited 2 branches of the dungeon, and saw 10 of its levels.

You collected 420 gold pieces.

Inventory:

Hand Weapons
 l - a +1 short sword of speed (weapon)
 q - a +3 rapier
 z - a +1 shortbow of freezing
Missiles
 d - 97 arrows
Armour
 p - a +0 pair of gloves (worn)
 s - a +1 cloak (worn)
 A - a +0 chain mail (worn)
Jewellery
 o - a +5 ring of strength (left hand)
 y - a ring of resist corrosion (right hand)
Wands
 j - a wand of acid (9/15)
 E - a wand of polymorph (13/24)
Scrolls
 b - a scroll of vulnerability {unknown}
 c - 2 scrolls of silence {unknown}
 i - 7 scrolls of identify
 n - 9 scrolls of teleportation
 r - 3 scrolls of enchant weapon {unknown}
 v - 3 scrolls of remove curse {unknown}
 w - a scroll of summoning {unknown}
 x - a scroll of fear {unknown}
 B - a scroll of random uselessness {unknown}
 C - a scroll of noise {unknown}
 D - a scroll of recharging {unknown}
Potions
 a - a potion of haste {unknown}
 e - 2 potions of cancellation {unknown}
 h - 2 potions of mutation {unknown}
 k - a potion of degeneration {unknown}
 m - a potion of lignification {unknown}
 t - a potion of magic {unknown}
 u - 3 potions of heal wounds {unknown}
 F - 2 potions of agility
Comestibles
 f - 3 bread rations
 g - 2 beef jerkies
 G - a meat ration


   Skills:
 * Level 8.5 Fighting
 + Level 6.3 Short Blades
 * Level 11.8 Bows
 + Level 2.0 Armour
 + Level 6.5 Dodging
 + Level 6.2 Stealth


You had 9 spell levels left.
You didn't know any spells.

Dungeon Overview and Level Annotations

Branches:
Dungeon (9/15)             Temple (1/1) D:5             Orc (0/2) D:9
   Lair: D:8-11

Altars:
Cheibriados
Dithmenos
Elyvilon
Fedhas
Gozag
Hepliaklqana
Kikubaaqudgha
Nemelex Xobeh
Okawaru
Qazlal
Ru
Trog
Vehumet
Zin


Message History

The orc warrior hits you with a scimitar!
* * * LOW HITPOINT WARNING * * *
You hit the orc warrior.
You kill the orc warrior!
Okawaru accepts your kill. The orc priest completely misses you.
Items here: (( ) [ a scimitar; 2 stones; a chain mail; 3 arrows You hit the orc priest.
The orc priest is heavily wounded.
The orc priest calls down the wrath of Beogh upon you.
Beogh smites you!
* * * LOW HITPOINT WARNING * * *
You closely miss the orc priest.
The orc priest is heavily wounded.
You hit the orc priest but do no damage.
The orc priest is heavily wounded.
The orc priest calls down the wrath of Beogh upon you.
Pain shoots through your body!
You die...

#.†......... #.##†..#.###
.# .#
#.##..[#..########.##.#
#.#....'..............###
#.#....##...............
#.#....##..#######....###
#.#..).##..#..<..........
#.#....##....#.###....#
#.#....##.#..#(.@o(..(#####
#..........#####((.......
#######..#.# #...(####
#..#)#####..(.########
#..#.........[........
#..#....(.....)(..##.
#..#........##..((#
#..#(.......##o.(.)....
#..#...........(.(.....


You could see an orc priest.

Vanquished Creatures
  Erica (D:8)
  A two-headed ogre (D:9)
  A hippogriff (D:8)
  Grinder (D:5)
  3 yaks (D:6)
  2 hungry ghosts
  Menkaure (D:5)
  A warg (D:9)
  A water moccasin (D:5)
  2 ice beasts
  2 orc warriors
  2 sky beasts (D:8)
  A phantom (D:8)
  4 ogres
  A crocodile (D:8)
  3 centaurs
  3 bullfrogs
  2 scorpions
  The ghost of Tuesday the Skirmisher, a weakling DgFi (D:4)
  A howler monkey (D:8)
  A bullfrog zombie (D:5)
  A centaur zombie (D:6)
  2 crimson imps
  A quasit (D:7)
  4 hounds
  The ghost of MudFish the Chiller, a weakling VSIE (D:3)
  A centaur skeleton (D:5)
  A jelly (D:6)
  3 orc wizards
  4 orc priests
  A gnoll shaman (D:4)
  2 iguanas (D:5)
  4 worker ants
  A killer bee zombie (D:7)
  A hound zombie (D:7)
  A howler monkey zombie (D:6)
  4 gnolls
  8 adders
  2 shadow imps
  2 oozes
  An adder skeleton (D:8)
  4 worms
  2 dart slugs
  5 leopard geckos
  31 orcs
  3 ball pythons
  3 giant cockroaches
  6 goblins
  11 hobgoblins
  10 jackals
  2 kobolds
  2 quokkas
  9 bats
  3 frilled lizards
  A quokka skeleton (D:8)
  7 rats
179 creatures vanquished.

Notes
Turn   | Place    | Note
-------+----------+-------------------------------------------
     0 | D:1      | Firecrotchwizard the High Elf Hunter began the quest for the Orb.
     0 | D:1      | Reached XP level 1. HP: 14/14 MP: 2/2
   149 | D:1      | Reached XP level 2. HP: 20/20 MP: 3/3
   313 | D:1      | Reached XP level 3. HP: 22/25 MP: 4/4
   621 | D:1      | Reached skill level 6 in Bows
  1704 | D:2      | Reached XP level 4. HP: 26/30 MP: 5/5
  1894 | D:2      | Found a shadowy altar of Dithmenos.
  2158 | D:3      | Noticed MudFish's ghost (weakling VSIE)
  2171 | D:3      | Killed MudFish's ghost
  2348 | D:3      | Reached XP level 5. HP: 33/36 MP: 6/6
  2526 | D:3      | Found a bloodstained altar of Trog.
  3066 | D:4      | Noticed Tuesday's ghost (weakling DgFi)
  3081 | D:4      | Killed Tuesday's ghost
  3407 | D:4      | Reached skill level 7 in Bows
  3599 | D:4      | Noticed an ogre
  3605 | D:4      | Killed an ogre
  3605 | D:4      | Reached XP level 6. HP: 43/43 MP: 7/7
  3640 | D:4      | Found a blossoming altar of Fedhas.
  3785 | D:4      | Reached skill level 1 in Short Blades
  4120 | D:5      | Entered Level 5 of the Dungeon
  4174 | D:5      | Noticed Menkaure
  4184 | D:5      | Killed Menkaure
  4184 | D:5      | Reached XP level 7. HP: 16/49 MP: 8/8
  4447 | D:5      | Noticed Grinder
  4464 | D:5      | Paralysed by Grinder for 3 turns
  4475 | D:5      | Killed Grinder
  4475 | D:5      | Reached skill level 8 in Bows
  4655 | D:5      | Reached skill level 5 in Fighting
  5002 | D:5      | Reached XP level 8. HP: 55/55 MP: 9/9
  5086 | D:5      | Reached skill level 9 in Bows
  5143 | D:5      | Found a staircase to the Ecumenical Temple.
  5160 | Temple   | Entered the Ecumenical Temple
  5182 | Temple   | Became a worshipper of Warmaster Okawaru
  5716 | D:5      | Reached skill level 5 in Dodging
  6362 | D:6      | Reached * piety under Okawaru
  6395 | D:6      | Reached skill level 10 in Bows
  6395 | D:6      | Reached skill level 5 in Stealth
  6395 | D:6      | Reached XP level 9. HP: 13/63 MP: 10/10
  6939 | D:7      | Reached ** piety under Okawaru
  7107 | D:7      | Reached skill level 5 in Short Blades
  7892 | D:8      | Reached skill level 11 in Bows
  8185 | D:8      | Reached *** piety under Okawaru
  8185 | D:8      | Reached skill level 1 in Armour
  8337 | D:8      | Noticed Erica
  8358 | D:8      | Killed Erica
  8358 | D:8      | Reached XP level 10. HP: 26/72 MP: 11/11
  9452 | D:9      | Found a staircase to the Orcish Mines.
  9493 | D:9      | Reached **** piety under Okawaru
  9497 | D:9      | Killed from afar by an orc priest

Skill      XL: |  1  2  3  4  5  6  7  8  9 10 |
---------------+-------------------------------+-----
Bows           | 6 7 8 10 11 | 11.8
Dodging        | 3 4 5 6 |  6.5
Fighting       | 3 4 5 6 8 |  8.5
Stealth        | 2 3 5 6 |  6.2
Short Blades   | 1 3 4 6 |  6.3
Armour         | 1 2 |  2.0

Action                   |  1- 3 |  4- 6 |  7- 9 | 10-12 || total
-------------------------+-------+-------+-------+-------++-------
Melee: Short sword       |    81 |       |    40 |     9 ||   130
       Rapier            |       |    16 |    47 |       ||    63
 Fire: Shortbow          |    58 |   155 |   362 |    69 ||   644
  Use: Scroll            |       |     4 |       |       ||     4
       Potion            |       |       |     3 |       ||     3
 Stab: Sleeping          |     2 |       |       |       ||     2
  Eat: Chunk             |     2 |     7 |     2 |       ||    11
       Fruit             |       |     1 |     3 |       ||     4
       Meat ration       |       |       |     2 |       ||     2
       Beef jerky        |       |       |     1 |     2 ||     3
       Pizza             |       |       |     1 |       ||     1
Armor: Leather armour    |    16 |     3 |       |       ||    19
       Scale mail        |       |    13 |    26 |       ||    39
       Chain mail        |       |       |    41 |     2 ||    43
Dodge: Dodged            |    63 |    40 |    94 |    11 ||   208
